 Dungeon Crawl Stone Soup version 0.17-a0-737-gf0a300a (webtiles) character file.

212 Herrn the Shield-Bearer (level 6, -8/48 HPs)
             Began as a Formicid Fighter on May 9, 2015.
             Was an Initiate of Okawaru.
             Killed by nerve-wracking pain
             ... invoked by an orc priest
              (14 damage)
             ... on level 4 of the Dungeon.
             The game lasted 00:07:49 (4223 turns).

Herrn the Shield-Bearer (Formicid Fighter)          Turns: 4223, Time: 00:07:49

Health: -8/48      AC:  9    Str: 28    XL:     6   Next: 13%
Magic:  6/6        EV:  7    Int:  7    God:    Okawaru [......]
Gold:   222        SH: 10    Dex: 10    Spells: 1 memorised, 1 level left

rFire  . . .     SeeInvis +     a - +0 war axe
rCold  . . .     Clarity  +     v - +0 chain mail
rNeg   . . .     SustAb   .     c - +0 shield
rPois  .         Gourm    .     (helmet unavailable)
rElec  .         Spirit   .     (no cloak)
rCorr  .         Warding  .     (no gloves)
rMut   .         Stasis   +     (no boots)
MR     .....                    u - amulet of clarity
Stlth  ..........               (no ring)
                                (no ring)

@: mighty, not resistant to hostile enchantments, extremely unstealthy
A: permanent stasis, dig shafts and tunnels, four strong arms, antennae 3
a: Dig, Shaft Self, Renounce Religion


You were on level 4 of the Dungeon.
You worshipped Okawaru.
Okawaru was noncommittal.
You were not hungry.

You visited 1 branch of the dungeon, and saw 4 of its levels.

You collected 222 gold pieces.

Inventory:

Hand weapons
 a - a +0 war axe (weapon)
Armour
 c - a +0 shield (worn)
 v - a +0 chain mail (worn)
Jewellery
 u - an amulet of clarity (around neck)
Scrolls
 f - 2 scrolls of enchant armour {unknown}
 g - 3 scrolls of enchant weapon {unknown}
 i - 2 scrolls of remove curse {unknown}
 j - 3 scrolls of fog {unknown}
 l - 4 scrolls of identify {unknown}
 n - a scroll of recharging {unknown}
Potions
 d - a potion of might
 h - 2 potions of brilliance {unknown}
 k - 3 potions of curing {unknown}
 m - a potion of cure mutation {unknown}
 o - 2 potions of invisibility {unknown}
 q - a potion of flight {unknown}
 r - a potion of experience {unknown}
 s - 2 potions of heal wounds {unknown}
Comestibles
 b - 2 chunks of flesh
 e - 3 bread rations
 p - a meat ration
 t - a beef jerky


   Skills:
 + Level 3.8 Fighting
 * Level 4.2 Axes
 + Level 4.0 Armour
 + Level 1.0 Dodging
 + Level 4.6 Shields
 * Level 0.4 Transmutations
 * Level 0.5 Invocations


You had one spell level left.
You knew the following spells:

 Your Spells              Type           Power        Failure   Level  Hunger
a - Petrify               Trmt/Erth      #.......     100%        4    #####..


Dungeon Overview and Level Annotations

Branches:
Dungeon (4/15)
 Temple: D:4-7

Altars:
Kikubaaqudgha
Okawaru
Qazlal


Innate Abilities, Weirdness & Mutations

You are under a permanent stasis effect.
You can dig through walls and to a lower floor.
Your four strong arms can wield two-handed weapons with a shield.
You have a pair of large antennae on your head (SInv).


Message History

Something smites you!
* * * LOW HITPOINT WARNING * * *
The orc hits you but does no damage.
You closely miss the orc priest. You hit the orc.
The orc is heavily wounded.
You slash the kobold!
You kill the kobold!
Okawaru accepts your kill. You block the orc priest's attack.
The orc hits you with a whip.
* * * LOW HITPOINT WARNING * * *
The orc barely misses you.
You barely miss the orc priest. You slash the orc!
You kill the orc!
Okawaru accepts your kill.
You slash the orc!
You kill the orc!
Okawaru accepts your kill.
The orc priest mumbles some strange prayers to Beogh against you.
Pain shoots through your body!
You die...

♣.♣# ........# .........#
....?.....# ...........##
#### .........g.#.
..#+###♣ ...........#.
#......♣
.......)o)..#.###......♣
........@(..#..#.......♣♣
#..........###.#.#......♣
######..........+.......
######.###.#.......
#.#.....##)###
#.#♣♣.♣♣##..# #.# ♣.P♣
##.# #.# ♣.P♣ #.# #.#
P.♣♣ #.##


You could see an orc priest and a goblin.

Vanquished Creatures
  2 iguanas (D:4)
  4 gnolls (D:3)
  4 adders
  2 worms
  A giant gecko (D:3)
  3 orcs (D:4)
  A giant cockroach (D:2)
  6 goblins
  7 hobgoblins
  13 jackals
  A quokka (D:2)
  10 bats
  6 giant newts
  10 kobolds
  10 rats
80 creatures vanquished.

Notes
Turn   | Place    | Note
--------------------------------------------------------------
     0 | D:1      | Herrn, the Formicid Fighter, began the quest for the Orb.
     0 | D:1      | Reached XP level 1. HP: 18/18 MP: 1/1
    86 | D:1      | Reached XP level 2. HP: 5/24 MP: 2/2
   491 | D:1      | Reached skill level 4 in Shields
   617 | D:1      | You fall through a shaft!
  1027 | D:2      | Reached XP level 3. HP: 25/29 MP: 3/3
  1258 | D:2      | Found a stormy altar of Qazlal.
  1593 | D:2      | Found an ancient bone altar of Kikubaaqudgha.
  1650 | D:2      | Reached XP level 4. HP: 36/36 MP: 4/4
  2759 | D:3      | Reached XP level 5. HP: 30/42 MP: 5/5
  3105 | D:3      | Found an iron altar of Okawaru.
  3115 | D:3      | Became a worshipper of Warmaster Okawaru
  3934 | D:4      | Learned a level 4 spell: Petrify
  4061 | D:4      | Reached skill level 1 in Dodging
  4216 | D:4      | Reached XP level 6. HP: 38/48 MP: 6/6
  4223 | D:4      | Killed from afar by an orc priest

Action                   |  1- 3 |  4- 6 || total
-------------------------+-------+-------++-------
Melee: War axe           |   111 |   147 ||   258
  Use: Potion            |       |     1 ||     1
  Eat: Chunk             |     2 |     9 ||    11
